 Dungeon Crawl Stone Soup version 0.29.0-7-g18a832c13a (webtiles) character file.

Game seed: 558828161223593284

151 Kahsius the Insei (level 5, -8/42 HPs)
             Began as a Draconian Transmuter on Aug 30, 2022.
             Was an Initiate of Gozag.
             Mangled by an ogre
             ... wielding a +0 giant spiked club
              (31 damage)
             ... on level 4 of the Dungeon.
             The game lasted 00:11:34 (3977 turns).

Kahsius the Insei (Draconian Transmuter)            Turns: 3977, Time: 00:11:35

Health: -8/42      AC:  5    Str: 12    XL:     5   Next: 10%
Magic:  9/9        EV: 12    Int: 15    God:    Gozag
Gold:   279        SH:  0    Dex: 12    Spells: 6/9 levels left

rFire   . . .      SeeInvis .     - Unarmed
rCold   . . .      Faith    .   (no shield)
rNeg    . . .      Spirit   .   (body armour unavailable)
rPois   .          Reflect  .   (helmet restricted)
rElec   .          Harm     .   (no cloak)
rCorr   +          Rampage  .   (no gloves)
Will    .....                   (no boots)
Stlth   +.........              (no amulet)
HPRegen 0.14/turn               h - ring of resist corrosion
MPRegen 0.11/turn               (no ring)

@: wereblooded (expiring)
A: AC +5, unfitting armour, cold-blooded
a: Renounce Religion, Potion Petition, Call Merchant, Bribe Branch


You were on level 4 of the Dungeon.
You worshipped Gozag.
Gozag was aware of your devotion.
You visited 1 branch of the dungeon, and saw 4 of its levels.

You collected 375 gold pieces.
You paid 96 gold pieces to Gozag.

Inventory:

Missiles
 i - 2 throwing nets
Jewellery
 h - a ring of resist corrosion (left hand)
Scrolls
 e - a scroll of identify {unknown}
 j - a scroll of amnesia {unknown}
 l - a scroll of enchant armour {unknown}
Potions
 a - a potion of lignification
 b - 2 potions of attraction {unknown}
 c - a potion of ambrosia {unknown}
 d - a potion of mutation {unknown}
 f - a potion of might {unknown}
 g - a potion of haste {unknown}
 k - a potion of cancellation {unknown}


   Skills:
 + Level 2.5 Fighting
 + Level 2.6 Dodging
 + Level 3.7 Unarmed Combat
 + Level 2.7 Spellcasting
 + Level 2.9 Transmutations


You had 6 spell levels left.
You knew the following spells:

 Your Spells              Type           Power      Damage    Failure   Level
a - Beastly Appendage     Tmut           22%        N/A       6%          1
b - Wereblood             Tmut           11%        N/A       9%          2

Your spell library contained the following spells:

 Spells                   Type           Power      Damage    Failure   Level
 Shock                    Conj/Air       8%         1d3       21%         1
 Spider Form              Tmut/Pois      6%         N/A       32%         3
 Portal Projectile        Hex/Tloc       4%         N/A       52%         3
 Swiftness                Air            2%         N/A       52%         3
 Tukima's Dance           Hex            2%         N/A       52%         3
 Ice Form                 Ice/Tmut       6%         N/A       73%         4
 Blade Hands              Tmut           5%         N/A       86%         5
 Airstrike                Air            1%         2d(1-17)  90%         4


Dungeon Overview and Level Annotations

Branches:
Dungeon (4/15)
 Temple: D:4-7

Altars:
Gozag
Ru
Uskayaw
Zin

Shops:
D:1 [   D:3 **

Annotations:
D:4 1 exclusion


Innate Abilities, Weirdness & Mutations

Your plain brown scales are hard. (AC +5)
You cannot fit into any form of body armour.
You are cold-blooded and may be slowed by cold attacks.


Message History

The dart slug is heavily wounded.
You hit the dart slug.
The dart slug is severely wounded.
The dart slug completely misses you.
You hit the dart slug.
You kill the dart slug!
You now have 279 gold pieces (gained 5).
There is an open door here.
An endoplasm comes into view.
There is an open door here.
Your blood is infused with primal strength.
The endoplasm quivers.
The ogre shouts!
You punch the endoplasm!
You kill the endoplasm!
You see here 8 gold pieces.
You close the door.
You howl as the wereblood boils in your veins!
Unknown command.
You are a level 5 Draconian Transmuter.
You are 10% of the way to level 6.
Play time: 00:10:42 (3956 turns).
Zot will find you in 20053 turns if you stay in this branch and explore no new floors.
You howl as the wereblood boils in your veins!
An ogre opens the door.
It is wielding a +0 giant spiked club.
You howl as the wereblood boils in your veins!
You open the door. The ogre attacks as you move away!
The ogre closely misses you.
There is an open door here.
The ogre attacks as you move away!
The ogre hits you with a +0 giant spiked club!!
Ouch! That really hurt!
You howl as the wereblood boils in your veins!
Your primal bloodlust is almost over.
You open the door.
There is an open door here.
The ogre attacks as you move away!
The ogre hits you with a +0 giant spiked club!!
Ouch! That really hurt!
You die...
Your body crumbles into a pile of gold.

######## #######......#
+.....#......#
#.....#....).#
#.....'......#
##....#......#
###....#......#
#......O@)....######
#......#...........#
+......#...........# #'
##.....#....<......#
#.#####+##.....#..)........#
.........#.....#...........#
.........#.....#...........#
.........'.....#...........#
.........#.....#...........#


You could see an ogre.

Vanquished Creatures
  An orc wizard (D:3)
  4 adders
  2 worms (D:3)
  2 dart slugs
  3 orcs (D:3)
  6 ball pythons
  6 bats
  9 endoplasms
  3 giant cockroaches
  5 goblins
  6 hobgoblins
  5 jackals (D:2)
  10 kobolds
  3 quokkas
  3 frilled lizards
  5 rats
73 creatures vanquished.

Vanquished Creatures (others)
  20 plants (D:1)
20 creatures vanquished.

Grand Total: 93 creatures vanquished

Notes
Turn   | Place    | Note
-------+----------+-------------------------------------------
     0 | D:1      | Kahsius the Draconian Transmuter began the quest for the
                  | Orb.
     0 | D:1      | Reached XP level 1. HP: 16/16 MP: 3/3
   234 | D:1      | Found Miqouzof's Armour Emporium.
   479 | D:1      | Reached XP level 2. HP: 23/23 MP: 3/5
   902 | D:1      | Found a faded altar of an unknown god.
  1454 | D:2      | Reached XP level 3. HP: 29/29 MP: 4/6
  1588 | D:2      | Learned a level 2 spell: Wereblood
  2633 | D:3      | Reached XP level 4. HP: 26/36 MP: 5/7
  2855 | D:4      | Noticed an ogre
  3057 | D:3      | Found an opulent altar of Gozag.
  3063 | D:3      | Found Gozag's Platinum Reserve.
  3067 | D:3      | Became a worshipper of Gozag Ym Sagoz the Greedy
  3092 | D:3      | Found Ozxetuug's General Store.
  3146 | D:3      | Found a glowing silver altar of Zin.
  3149 | D:3      | Found a sacrificial altar of Ru.
  3348 | D:3      | Found a hide-covered altar of Uskayaw.
  3796 | D:4      | Reached XP level 5. HP: 39/42 MP: 6/9
  3977 | D:4      | Mangled by an ogre

Illustrated notes

Levels and vault maps discovered:
D:1:      reono_arrival_forest_river, layout_loops_ring, basic_ecumenical_altar,
          serial_shops, shop_statue, lexackson_kobold_supper
D:2:      layout_basic
D:3:      layout_rooms, old_standard_altar, jmf_multi_god_temple,
          nicolae_gozag_zags_fifth_avenue, serial_shops, shop,
          minmay_misc_feat_rugged, moated_statue
D:4:      layout_gridville, uniq_blork_the_orc

Skill      XL: |  1  2  3 |
---------------+----------+-----
Dodging        | 2 |  2.6
Fighting       | 2 |  2.5
Unarmed Combat | |  3.7
Spellcasting   | |  2.7
Transmutations | |  2.9

Action                   |  1- 3 |  4- 6 || total
-------------------------+-------+-------++-------
Melee: Unarmed           |   155 |   105 ||   260
       Kick              |    14 |       ||    14
       Headbutt          |     8 |       ||     8
       Tailslap          |    13 |     9 ||    22
       Punch             |     4 |     3 ||     7
 Cast: Beastly Appendage |    16 |       ||    16
       Wereblood         |     8 |    13 ||    21
  Use: Scroll            |     5 |       ||     5
       Potion            |     1 |     1 ||     2
Armor: Skin              |    43 |    41 ||    84
Dodge: Dodged            |    87 |    91 ||   178
